 Dungeon Crawl Stone Soup version 0.29-a0-397-g846e4a0bbc (webtiles) character file.

Game seed: 1708966099464654964

2403 Bruhh the Thaumaturge (level 9, -14/55 HPs)
             Began as a Djinni Earth Elementalist on May 11, 2022.
             Was a Follower of Qazlal.
             Demolished by Pikel
             ... wielding a +0 whip of electrocution
              (17 damage)
             ... on level 7 of the Dungeon.
             The game lasted 00:13:53 (8775 turns).

Bruhh the Thaumaturge (Djinni Earth Elementalist)   Turns: 8775, Time: 00:13:54

Health: -14/55     AC:  2    Str:  7    XL:     9   Next: 75%
Gold:   320        EV: 12    Int: 20    God:    Qazlal [*.....] SH:  2 Dex: 15

rFire   + + +      SeeInvis .   m - +5 spear of Premature Burial {venom, rF+ rC- Will++}
rCold   x x .      Faith    .   (no shield)
rNeg    . . .      Spirit   .   b - +0 robe
rPois   ∞          Reflect  .   (no helmet)
rElec   .          Harm     .   (no cloak)
rCorr   .          Rampage  .   (no gloves)
Will    ++...                   (boots unavailable)
Stlth   ++........              u - amulet of the acrobat
HPRegen 0.18/turn               j - +4 ring of slaying
MPRegen 0.00/turn               g - ring of protection from fire

@: flying
A: sickness immunity, fire resistance 2, cold vulnerability 1, float, innate
caster, HP casting, extra vitality 1
a: Renounce Religion


You were on level 7 of the Dungeon.
You worshipped Qazlal.
Qazlal was aware of your devotion.
You visited 2 branches of the dungeon, and saw 8 of its levels.

You collected 320 gold pieces.

Inventory:

Hand Weapons
 e - a +0 club
 m - the +5 spear of Premature Burial (weapon) {venom, rF+ rC- Will++}
   (You found it on level 2 of the Dungeon)

   It poisons the flesh of those it strikes.
   rF:        It protects you from fire.
   rC:        It makes you vulnerable to cold.
   Will:      It greatly increases your willpower.
 z - a +4 battleaxe of freezing
Missiles
 a - 158 stones
Armour
 b - a +0 robe (worn)
Jewellery
 g - a ring of protection from fire (right hand)
 j - a +4 ring of slaying (left hand)
 u - an amulet of the acrobat (around neck)
Wands
 x - a wand of flame (38)
Scrolls
 c - a scroll of enchant weapon {unknown}
 d - 2 scrolls of identify {unknown}
 f - 2 scrolls of fear {unknown}
 h - 3 scrolls of noise {unknown}
 i - 5 scrolls of teleportation {unknown}
 n - a scroll of enchant armour {unknown}
 s - a scroll of acquirement {unknown}
 t - a scroll of silence {unknown}
 y - a scroll of fog {unknown}
Potions
 k - 2 potions of flight {unknown}
 l - a potion of heal wounds {unknown}
 o - a potion of magic {unknown}
 p - a potion of mutation {unknown}
 q - 2 potions of curing
 r - a potion of lignification {unknown}
 v - a potion of resistance {unknown}
 w - 3 potions of degeneration {unknown}
 A - a potion of haste {unknown}


   Skills:
 - Level 2.1 Dodging
 - Level 1.5 Stealth
 - Level 8.0 Spellcasting
 + Level 7.6 Invocations


You had 5 spell levels left.
You knew the following spells:

 Your Spells              Type           Power      Damage    Failure   Level
a - Sandblast             Erth           80%        2d17      1%          1
b - Passwall              Tmut/Erth      33%        N/A       1%          2
c - Stone Arrow           Conj/Erth      80%        3d12      1%          3
d - Petrify               Tmut/Erth      40%        N/A       3%          4
e - Slow                  Hex            100%       N/A       1%          1
f - Call Imp              Summ           40%        N/A       1%          2
g - Blink                 Tloc           80%        N/A       1%          2
h - Passage of Golubria   Tloc           40%        N/A       3%          4
Your spell library was empty.

Dungeon Overview and Level Annotations

Branches:
Dungeon (7/15)             Temple (1/1) D:4

Altars:
Cheibriados
Dithmenos
Elyvilon
Fedhas
Gozag
Makhleb
Okawaru
Qazlal
Ru
Sif Muna
Trog
Vehumet
Wu Jian
Yredelemnul
Zin
The Shining One

Shops:
D:3 (   D:5 =

Annotations:
D:7 Pikel


Innate Abilities, Weirdness & Mutations

You are immune to sickness and miasma.
You are immune to poison.
Your flesh is very heat resistant. (rF++)
You are vulnerable to cold. (rC-)
You float through the air rather than walking.
You learn spells naturally, not from books.
Your magical power is your life essence.
You have superior vitality. (+4 MHP)


Message History

You kill Joseph!
Qazlal accepts your kill.
* * * LOW HITPOINT WARNING * * *
Your Invocations skill increases to level 7!
Pikel, Merchant of Souls comes into view.
He is wielding a +0 whip of electrocution.
Pikel is nearby!
Pikel is nearby!
Pikel is nearby!
Pikel cracks his whip.
A lemure comes into view.
Casting: Stone Arrow (safe; 1% risk of failure)
Confirm with . or Enter, or press ? or * to list all spells.
Aiming: Stone Arrow (safe; 1% risk of failure)
Press: ? - help, Shift-Dir - straight line, f - Pikel
Aim: Pikel, wielding a +0 whip of electrocution and wearing a +0 robe (70% to hit)
The stone arrow misses Pikel.
The lemure shouts!
* * * LOW HITPOINT WARNING * * *
Unknown command.
Casting: Stone Arrow (safe; 1% risk of failure)
Confirm with . or Enter, or press ? or * to list all spells.
Aiming: Stone Arrow (safe; 1% risk of failure)
Press: ? - help, Shift-Dir - straight line, f/p - Pikel
Aim: Pikel, wielding a +0 whip of electrocution and wearing a +0 robe (70% to hit)
The stone arrow hits Pikel!!
Pikel is heavily wounded.
* * * LOW HITPOINT WARNING * * *
A lemure comes into view.
Casting: Stone Arrow (safe; 1% risk of failure)
Confirm with . or Enter, or press ? or * to list all spells.
Aiming: Stone Arrow (safe; 1% risk of failure)
Press: ? - help, Shift-Dir - straight line, f/p - Pikel
Aim: Pikel, wielding a +0 whip of electrocution and wearing a +0 robe (heavily wounded, 70% to hit)
The stone arrow hits Pikel.
Pikel is severely wounded.
* * * LOW HITPOINT WARNING * * *
Pikel hits you with a +0 whip of electrocution!
* * * LOW HITPOINT WARNING * * *
You are electrocuted!
You die...

.......#####
#..........#
#.......##.#
#..###..##.## #.)#
#..##..##
#.)###)..#.#.##
..).....#.###.#
#..###.###.#.########.#
#..# .## #.....@K...5#
#..###.###.###########5.
........#.. #..#####.#
#.<# #. ...# # ..## ..
..


You could see Pikel and 2 lemures.

Vanquished Creatures
  Joseph (D:7)
  Sigmund (D:5)
  An ice beast (D:5)
  2 sky beasts (D:6)
  An ogre (D:5)
  A centaur (D:6)
  A phantom (D:4)
  A kobold brigand (D:7)
  A bullfrog (D:6)
  3 necrophages
  A gnoll sergeant (D:5)
  5 wights (D:6)
  A howler monkey (D:6)
  3 hounds
  A gnoll shaman (D:6)
  2 orc priests (D:6)
  2 jellies (D:6)
  2 iguanas
  5 orc wizards
  Robin (D:4)
  5 adders
  13 gnolls
  A white imp (D:6)
  An ufetubus (D:3)
  2 worms (D:2)
  3 dart slugs
  18 orcs
  6 ball pythons
  5 bats
  11 endoplasms
  3 giant cockroaches
  19 goblins
  8 hobgoblins
  A jackal (D:1)
  4 quokkas
  2 frilled lizards
  14 kobolds
  4 rats
156 creatures vanquished.

Notes
Turn   | Place    | Note
-------+----------+-------------------------------------------
     0 | D:1      | Bruhh the Djinni Earth Elementalist began the quest for the
                  | Orb.
     0 | D:1      | Reached XP level 1. HP: 15/15 MP: 0/0
   240 | D:1      | Reached XP level 2. HP: 21/21 MP: 0/0
   528 | D:1      | Reached skill level 3 in Spellcasting
   958 | D:1      | Reached XP level 3. HP: 21/25 MP: 0/0
   958 | D:1      | Learned a level 1 spell: Slow
  1634 | D:1      | Found a faded altar of an unknown god.
  2043 | D:2      | Reached XP level 4. HP: 29/31 MP: 0/0
  2163 | D:2      | Identified the +5 spear of Premature Burial {venom, rF+ rC-
                  | Will++}
  2674 | D:2      | Reached skill level 4 in Spellcasting
  2959 | D:3      | Reached XP level 5. HP: 31/35 MP: 0/0
  2959 | D:3      | Learned a level 2 spell: Call Imp
  3179 | D:3      | Found Duzinume's Weapon Shop.
  3714 | D:4      | Reached XP level 6. HP: 23/40 MP: 0/0
  3718 | D:4      | Reached skill level 5 in Spellcasting
  3865 | D:4      | Noticed Robin
  3875 | D:4      | Killed Robin
  4604 | D:4      | Reached XP level 7. HP: 28/45 MP: 0/0
  4604 | D:4      | Learned a level 2 spell: Blink
  4750 | D:4      | Found a staircase to the Ecumenical Temple.
  4896 | Temple   | Entered the Ecumenical Temple
  5003 | Temple   | Became a worshipper of Qazlal Stormbringer
  5435 | D:5      | Entered Level 5 of the Dungeon
  5450 | D:5      | Reached skill level 6 in Spellcasting
  5627 | D:5      | Found an iron altar of Okawaru.
  5747 | D:5      | Noticed Sigmund
  5756 | D:5      | Killed Sigmund
  5757 | D:5      | Reached XP level 8. HP: 31/50 MP: 0/0
  5761 | D:5      | Reached skill level 7 in Spellcasting
  6515 | D:5      | Found Guig's Jewellery Emporium.
  6529 | D:5      | HP: 2/50 [gnoll sergeant/+6 trident of holy wrath (13)]
  7063 | D:6      | Reached skill level 8 in Spellcasting
  7063 | D:6      | Reached skill level 1 in Invocations
  7224 | D:6      | Reached XP level 9. HP: 49/55 MP: 0/0
  7224 | D:6      | Learned a level 4 spell: Passage of Golubria
  7377 | D:6      | Reached * piety under Qazlal
  7778 | D:6      | Reached skill level 5 in Invocations
  8689 | D:7      | Noticed Joseph
  8695 | D:7      | HP: 2/55 [Joseph/sling bullet (14)]
  8697 | D:7      | Killed Joseph
  8770 | D:7      | Noticed Pikel
  8775 | D:7      | Demolished by Pikel

Illustrated notes

Levels and vault maps discovered:
D:1:      roderic_dead_forest, layout_basic, shapermc_ecumenical_altar_ellora,
          minmay_tall_x
D:2:      layout_basic
D:3:      layout_basic, serial_shops, shop
D:4:      layout_loops_ring, minmay_temple_entry_waves,
          nicolae_figureground_sparkle, uniq_robin
D:5:      layout_cave_pods, okawaru_metal_pillars_3, serial_shops,
          nicolae_shop_statue_plus, hex_large, uniq_sigmund
D:6:      layout_gridville
D:7:      layout_loops_ring, minmay_misc_feat_four_crosses,
          hangedman_abyss_or_decor_stabs, uniq_joseph, uniq_maggie, uniq_pikel
Temple:   mainiacjoe_temple_bowtie_tessellation

Skill      XL: |  1  2  3  4  5  6  7  8  9 |
---------------+----------------------------+-----
Spellcasting   | 3 4 5 6 8 |  8.0
Invocations    | 3 7 |  7.6
Dodging        | |  2.1
Stealth        | |  1.5

Action                   |  1- 3 |  4- 6 |  7- 9 || total
-------------------------+-------+-------+-------++-------
Melee: Club              |    14 |       |       ||    14
       Spear             |       |    77 |       ||    77
 Cast: Sandblast         |    52 |    47 |    24 ||   123
       Stone Arrow       |       |       |    86 ||    86
       Call Imp          |       |       |     2 ||     2
       Passage of Golubr |       |       |     2 ||     2
  Use: Potion            |       |       |     1 ||     1
 Stab: Sleeping          |       |     6 |       ||     6
Armor: Robe              |     8 |     7 |     2 ||    17
Dodge: Dodged            |    25 |    52 |    10 ||    87

Table legend: (Time is in decaauts)
 A = Elapsed time spent in this place.
 B = Non-inter-level travel time spent in this place.
 C = Inter-level travel time spent in this place.
 D = Time resting spent in this place.
 E = Time spent auto-exploring this place.
 F = Levels seen in this place.
 G = Mean time per level.
                   A        B        C        D        E       F      G
               +--------+--------+--------+--------+--------+-----+--------+
         Total |   8783 |   8537 |    246 |    121 |   7556 |   8 | 1097.9 |
       Dungeon |   8666 |   8429 |    237 |    121 |   7467 |   7 | 1238.0 |
        Temple |    117 |    108 |      9 |      0 |     89 |   1 |  117.0 |
               +--------+--------+--------+--------+--------+-----+--------+

Top non-repeatable levels by time:
     D:1: 1793 daAuts
     D:4: 1623 daAuts
     D:6: 1515 daAuts
     D:5: 1487 daAuts
     D:2: 1056 daAuts
     D:3: 854 daAuts
     D:7: 335 daAuts
  Temple: 117 daAuts
